 Dungeon Crawl Stone Soup version 0.20.0-8-g6b59dc7 (webtiles) character file.

97 MTVSty1e the Ruffian (level 4, 0/37 HPs)
             Began as a Draconian Transmuter on June 2, 2017.
             Slain by a gnoll (4 damage)
             ... on level 2 of the Dungeon.
             The game lasted 00:04:11 (1996 turns).

MTVSty1e the Ruffian (Draconian Transmuter)         Turns: 1996, Time: 00:04:11

Health: 0/37       AC:  5    Str: 13    XL:     4   Next: 42%
Magic:  1/7        EV: 12    Int: 14    God:
Gold:   149        SH:  0    Dex: 11    Spells: 3/7 levels left

rFire    . . .     SeeInvis .     - Unarmed
rCold    . . .     Gourm    .   (no shield)
rNeg     . . .     Faith    .   (armour unavailable)
rPois    .         Spirit   .   (helmet restricted)
rElec    .         Reflect  .   (no cloak)
rCorr    .         Harm     .   (no gloves)
MR       .....                  (no boots)
Stlth    +.........             (no amulet)
Regen    0.2/turn               (no ring)
MPRegen  0.1/turn               (no ring)

@: very slightly contaminated
A: unfitting armour, cold-blooded, AC +5
a: no special abilities


You were on level 2 of the Dungeon.
You were not hungry.

You visited 1 branch of the dungeon, and saw 2 of its levels.

You collected 149 gold pieces.

Inventory:

Missiles
 a - 12 arrows
Jewellery
 i - an uncursed ring of fire {unknown}
Scrolls
 d - a scroll of immolation {unknown}
 e - 3 scrolls of identify {unknown}
 f - a scroll of random uselessness {unknown}
 h - a scroll of amnesia {unknown}
 n - a scroll of remove curse {unknown}
 o - a scroll of enchant weapon {unknown}
 q - a scroll of teleportation {unknown}
Potions
 g - 2 potions of heal wounds {unknown}
 j - a potion of mutation {unknown}
 l - a potion of haste {unknown}
 m - a potion of might {unknown}
Books
 b - a book of Changes

   Spells                             Type                      Level
   a - Beastly Appendage              Transmutation                1
   b - Sticks to Snakes               Transmutation                2
   c - Spider Form                    Transmutation/Poison         3
   d - Ice Form                       Ice/Transmutation            4
   e - Blade Hands                    Transmutation                5
Comestibles
 c - 4 bread rations
 k - a fruit
 p - a meat ration


   Skills:
 + Level 2.8 Fighting
 - Level 1.7 Dodging
 * Level 4.6 Unarmed Combat
 - Level 2.0 Spellcasting
 - Level 2.0 Transmutations


You had 3 spell levels left.
You knew the following spells:

 Your Spells              Type           Power        Failure   Level  Hunger
a - Beastly Appendage     Tmut           #.....       11%         1    ##.....
b - Spider Form           Tmut/Pois      #.........   43%         3    ####...


Dungeon Overview and Level Annotations

Branches:
Dungeon (2/15)

Altars:


Innate Abilities, Weirdness & Mutations

Your plain brown scales are hard. (AC +5)
You cannot fit into any form of body armour.
You are cold-blooded and may be slowed by cold attacks.


Message History

The gnoll is severely wounded.
The gnoll hits you with a halberd!
* * * LOW HITPOINT WARNING * * *
The gnoll closely misses you.
You hit the gnoll.
You kill the gnoll!
The gnoll barely misses you. The gnoll closely misses you.
Things that are here:
a halberd; a gnoll corpse The gnoll hits you!
* * * LOW HITPOINT WARNING * * *
You hit the gnoll but do no damage.
The gnoll is poisoned.
The gnoll is heavily wounded.
Your transformation has ended.
The gnoll closely misses you.
You hit the gnoll.
The gnoll is severely wounded.
The gnoll hits you.
You die...

#.# #.# ##########.##
#...........# .....
#...........####.......
#.........>............
#.....).....# #.......
#.....@g....####.......
########...............
#...............
...................
...........†.......
....................
.........#########.#
.$.......# #.#
........# ####)#


You could see a gnoll.

Vanquished Creatures
  2 gnolls (D:2)
  An adder (D:2)
  2 worms (D:2)
  4 dart slugs (D:1)
  3 leopard geckos
  10 bats
  3 giant cockroaches
  3 goblins
  2 hobgoblins (D:2)
  6 jackals (D:1)
  A ball python (D:2)
  3 frilled lizards (D:1)
  9 kobolds
  4 rats (D:1)
53 creatures vanquished.

Notes
Turn   | Place    | Note
-------+----------+-------------------------------------------
     0 | D:1      | MTVSty1e the Draconian Transmuter began the quest for the Orb.
     0 | D:1      | Reached XP level 1. HP: 16/16 MP: 3/3
    60 | D:1      | Reached XP level 2. HP: 8/23 MP: 5/5
   846 | D:1      | Reached skill level 4 in Unarmed Combat
   846 | D:1      | Reached XP level 3. HP: 25/29 MP: 4/6
  1278 | D:1      | Learned a level 3 spell: Spider Form
  1916 | D:2      | Reached XP level 4. HP: 37/37 MP: 5/7
  1996 | D:2      | Slain by a gnoll

Skill      XL: |  1  2  3 |
---------------+----------+-----
Unarmed Combat | 4 |  4.6
Fighting       | 2 |  2.8
Dodging        | |  1.7
Spellcasting   | |  2.0
Transmutations | |  2.0

Action                   |  1- 3 |  4- 6 || total
-------------------------+-------+-------++-------
Melee: Unarmed           |   152 |    28 ||   180
       Headbutt          |    12 |     1 ||    13
       Tailslap          |    11 |       ||    11
       Kick              |     7 |     3 ||    10
 Cast: Beastly Appendage |    22 |     4 ||    26
       Spider Form       |       |     1 ||     1
  Eat: Fruit             |     4 |     1 ||     5
Armor: Skin              |    46 |     7 ||    53
Dodge: Dodged            |    99 |    30 ||   129
